 Seeded DCSS version 0.30-a0-799-g109b55a442 (webtiles) character file.

Game seed: 7827810942158885341 (custom seed)

2057 tkbsonic5 the Vexing (level 9, -4/73 HPs)
             Began as an Armataur Enchanter on Feb 20, 2023.
             Slain by a gnoll sergeant
             ... wielding a +0 spear
              (6 damage)
             ... on level 6 of the Dungeon.
             The game lasted 00:40:10 (4961 turns).

tkbsonic5 the Vexing (Armataur Enchanter)           Turns: 4961, Time: 00:40:10

Health: -4/73      AC:  5    Str: 14    XL:     9   Next: 5%
Magic:  4/15       EV:  9    Int: 19    God:
Gold:   206        SH:  0    Dex: 11    Spells: 2/17 levels left

rFire   + . .      SeeInvis .    a - +1 dagger (freeze)
rCold   . . .      Faith    .    (no shield)
rNeg    . . .      Spirit   .    b - +0 robe
rPois   .          Reflect  .    g - +0 helmet
rElec   .          Harm     .    (no cloak)
rCorr   .          Roll     +    (no gloves)
Will    +....                    (no barding)
Stlth   ++                       (no amulet)
HPRegen 0.32/turn                l - ring of willpower
MPRegen 0.14/turn                q - ring of protection from fire

@: brilliant, wereblooded (expiring)
A: large, rugged brown scales 3, deformed body, armoured tail, roll, long
tongue, awkward tongue
a: no special abilities


You were on level 6 of the Dungeon.
You visited 1 branch of the dungeon, and saw 6 of its levels.

You collected 226 gold pieces.
You spent 20 gold pieces at shops.

Inventory:

Hand Weapons
 a - a +1 dagger of freezing (weapon)
 h - a +1 dagger of holy wrath
 o - a +1 mace of venom
 s - a +2 whip of freezing
 w - a +0 whip of venom
Missiles
 d - 3 poisoned darts
 u - 5 boomerangs
Armour
 b - a +0 robe (worn)
 e - a +0 ring mail
 f - a +0 ring mail
 g - a +0 helmet (worn)
 i - a +0 kite shield
 k - a +0 leather armour
 n - a +0 scale mail
Jewellery
 c - a ring of resist corrosion
 l - a ring of willpower (left hand)
 q - a ring of protection from fire (right hand)
Scrolls
 m - a scroll of identify
Potions
 j - 3 potions of mutation
 p - a potion of brilliance


   Skills:
 + Level 3.0 Fighting
 - Level 4.8 Short Blades
 * Level 0.0 Maces & Flails
 + Level 0.2 Armour
 + Level 1.4 Dodging
 + Level 4.2 Stealth
 + Level 0.2 Shields
 * Level 4.5 Spellcasting
 + Level 0.3 Conjurations
 * Level 5.3 Hexes
 + Level 0.1 Translocations
 + Level 3.1 Transmutations
 * Level 4.4 Ice Magic


You had 2 spell levels left.
You knew the following spells:

 Your Spells              Type           Power      Damage    Failure   Level
a - Ensorcelled Hibernat  Hex/Ice        68%        N/A       2%          2
b - Confusing Touch       Hex            37%        N/A       4%          3
c - Beastly Appendage     Tmut           48%        N/A       3%          1
d - Tukima's Dance        Hex            37%        N/A       4%          3
e - Wereblood             Tmut           24%        N/A       5%          2
f - Blink                 Tloc           14%        N/A       19%         2
g - Momentum Strike       Conj/Tloc      14%        3d8       19%         2

Your spell library contained the following spells:

 Spells                   Type           Power      Damage    Failure   Level
 Lesser Beckoning         Tloc           14%        N/A       19%         2
 Sublimation of Blood     Necr           6%         N/A       21%         2
 Dazzling Flash           Conj/Hex       44%        N/A       12%         3
 Spider Form              Tmut/Pois      15%        N/A       21%         3
 Summon Hydra             Summ           3%         N/A       100%        7


Dungeon Overview and Level Annotations

Branches:
Dungeon (6/15)
 Temple: D:4-7

Altars:
Ashenzari

Shops:
D:2 =?*[


Innate Abilities, Weirdness & Mutations

You are completely covered in rugged brown scales. (AC +3, +7% HP)
Armour fits poorly on your strangely shaped body.
You have a long armoured tail.
You roll when moving toward enemies. (Rampage)
Your long tongue fully drains potion bottles. (2x potion effects)
Your tongue gives you trouble enunciating. (1.5x scroll delay)


Message History

You catch the helpless orc wizard completely off-guard!
You puncture the orc wizard! You freeze the orc wizard.
The orc wizard is almost dead.
Okay, then.
Casting: Confusing Touch (dangerous; 4% risk of failure)
Confirm with . or Enter, or press ? or * to list all spells.
Okay, then.
Casting: Confusing Touch (dangerous; 4% risk of failure)
Confirm with . or Enter, or press ? or * to list all spells.
You feel a surge of power!
You blink.
The gnoll completely misses you. The gnoll barely misses you.
The orc wizard hits something with a +0 dagger.
You hit the gnoll. You freeze the gnoll.
The gnoll is heavily wounded.
You hit the gnoll. You freeze the gnoll.
Your tail-slap misses the gnoll.
The gnoll is almost dead.
The gnoll hits you with a +0 club. The gnoll hits you with a +0 flail!
* * * LOW HITPOINT WARNING * * *
You barely miss the gnoll. Your punch misses the gnoll.
The gnoll is almost dead.
The gnoll hits you with a +0 club.
* * * LOW HITPOINT WARNING * * *
The gnoll closely misses you.
You hit the gnoll. You freeze the gnoll.
You feel a bit better.
You kill the gnoll!
You hit the gnoll. You freeze the gnoll.
The gnoll is heavily wounded.
You barely miss the gnoll.
The gnoll is heavily wounded.
You feel stable enough to blink again. The gnoll barely misses you.
The gnoll hits you with a +0 flail!
* * * LOW HITPOINT WARNING * * *
You hit the gnoll. You freeze the gnoll.
The gnoll is heavily wounded.
Your primal bloodlust is almost over.
The gnoll hits you with a +0 flail.
* * * LOW HITPOINT WARNING * * *
The gnoll barely misses you.
The gnoll sergeant hits you from afar with a +0 spear.
You die...

###########
#g@g......#
#g#######.#
#g# #.# #.#
#g# #.# #g#
#[# #g# #o#


gg. #.# .#.## #o# #.#.# You could see a gnoll sergeant, an orc wizard (confused)
and 3 gnolls.

Vanquished Creatures
  5 yaks (D:5)
  Menkaure (D:4)
  An ice beast (D:5)
  A black bear (D:3)
  2 sky beasts
  2 ogres
  Blork the orc (D:4)
  2 necrophages (D:4)
  A bullfrog (D:5)
  A gnoll sergeant (D:5)
  2 scorpions (D:5)
  A hound (D:5)
  A jelly (D:5)
  Jessica (D:2)
  Robin (D:4)
  6 adders
  5 gnolls
  A white imp (D:5)
  A worm (D:5)
  A dart slug (D:2)
  9 orcs
  7 endoplasms
  2 giant cockroaches
  13 goblins
  5 hobgoblins
  4 jackals (D:4)
  4 kobolds
  2 quokkas
  2 ball pythons (D:3)
  4 bats (D:2)
  2 frilled lizards (D:1)
  2 rats (D:2)
93 creatures vanquished.

Vanquished Creatures (collateral kills)
  A gnoll (D:5)
1 creature vanquished.

Vanquished Creatures (others)
  4 dancing weapons
  An orc (D:4)
  A goblin (D:4)
  A kobold (D:4)
7 creatures vanquished.

Grand Total: 101 creatures vanquished

Notes
Turn   | Place    | Note
-------+----------+-------------------------------------------
     0 | D:1      | tkbsonic5 the Armataur Enchanter began the quest for the
                  | Orb.
     0 | D:1      | Reached XP level 1. HP: 14/14 MP: 3/3
   201 | D:1      | Reached skill level 1 in Short Blades
   412 | D:1      | You fall into a shaft and drop 1 floor!
   415 | D:2      | Found Saon's Magic Scroll Boutique.
   467 | D:2      | Bought a scroll of identify for 20 gold pieces
   479 | D:2      | Found Vimyusephu's Armour Emporium.
   523 | D:2      | Found Jisipn's Assorted Antiques.
   606 | D:2      | Reached XP level 2. HP: 23/23 MP: 4/4
   614 | D:2      | Learned a level 2 spell: Ensorcelled Hibernation
   809 | D:2      | Noticed Jessica
   812 | D:2      | Killed Jessica
   813 | D:2      | Reached skill level 3 in Hexes
   813 | D:2      | Reached XP level 3. HP: 28/28 MP: 6/6
   818 | D:2      | Learned a level 3 spell: Confusing Touch
   861 | D:2      | Reached skill level 1 in Ice Magic
   890 | D:2      | Found Ylonat's Jewellery Shoppe.
  1022 | D:2      | Reached skill level 1 in Fighting
  1024 | D:2      | Reached XP level 4. HP: 35/37 MP: 0/7
  1113 | D:2      | Learned a level 1 spell: Beastly Appendage
  1248 | D:3      | Noticed a black bear
  1258 | D:3      | Killed a black bear
  1259 | D:3      | Reached XP level 5. HP: 28/42 MP: 0/8
  1886 | D:3      | Reached skill level 1 in Transmutations
  2025 | D:3      | Learned a level 3 spell: Tukima's Dance
  2156 | D:4      | Noticed a sky beast
  2164 | D:4      | Killed a sky beast
  2165 | D:4      | Reached XP level 6. HP: 42/50 MP: 10/10
  2228 | D:4      | Noticed Menkaure
  2240 | D:4      | Killed Menkaure
  2392 | D:4      | Noticed Robin
  2408 | D:4      | Killed Robin
  2749 | D:4      | Learned a level 2 spell: Wereblood
  2925 | D:4      | Noticed Blork the orc
  2992 | D:4      | Killed Blork the orc
  2993 | D:4      | Reached XP level 7. HP: 55/56 MP: 3/11
  3079 | D:4      | Reached skill level 4 in Hexes
  3395 | D:5      | Entered Level 5 of the Dungeon
  3924 | D:5      | Reached XP level 8. HP: 39/65 MP: 1/13
  4063 | D:5      | Found a broken altar of Ashenzari.
  4265 | D:5      | Reached skill level 5 in Hexes
  4373 | D:5      | Learned a level 2 spell: Blink
  4376 | D:5      | Learned a level 2 spell: Momentum Strike
  4593 | D:5      | Reached XP level 9. HP: 73/73 MP: 12/15
  4961 | D:6      | HP: 2/73 [gnoll/+0 flail[a gnoll sergeant] (5)]
  4961 | D:6      | Slain by a gnoll sergeant

Illustrated notes

Levels and vault maps discovered:
D:1:      dpeg_arrival_three_bigger_balls, layout_rooms,
          minmay_misc_feat_pillars, minmay_misc_feat_columns
D:2:      minmay_alternating_diamond, layout_basic, serial_shops,
          shop_fountains, shop, shop, nicolae_diamond_shop,
          corexii_corridor_pit, uniq_jessica
D:3:      layout_basic
D:4:      layout_rooms, serial_corexii_hall, chequers_hall_statues_wall_a,
          corexii_hall_statues_l, minmay_quadrilaterals, uniq_robin,
          uniq_menkaure, uniq_blork_the_orc
D:5:      layout_loops_corners, lemuel_round_altar
D:6:      layout_loops_ring, good_gods_mini_temple, kennysheep_mini_moat,
          mainiacjoe_overflow_six_doors_small, mainiacjoe_overflow_divided_tiny,
          nicolae_dithmenos_through_a_glass_darkly, nicolae_alphabet_shops,
          kennysheep_minor_cross, nicolae_shop_vocational

Skill      XL: |  1  2  3  4  5  6  7  8 |
---------------+-------------------------+-----
Short Blades   | 1 2 3 4 |  4.8
Spellcasting   | 2 3 4 |  4.5
Hexes          | 3 4 5 |  5.3
Ice Magic      | 1 2 3 4 |  4.4
Fighting       | 1 2 3 |  3.0
Transmutations | 1 2 3 |  3.1
Stealth        | 4 |  4.2
Armour         | |  0.2
Dodging        | |  1.4
Shields        | |  0.2
Conjurations   | |  0.3
Translocations | |  0.1

Action                     |  1- 3 |  4- 6 |  7- 9 || total
---------------------------+-------+-------+-------++-------
  Melee: Dagger            |    41 |   105 |   101 ||   247
         Tailslap          |     2 |    12 |    18 ||    32
         Kick              |       |    12 |    24 ||    36
         Headbutt          |       |     9 |    11 ||    20
         Punch             |       |     3 |       ||     3
  Throw: Dart              |     2 |     1 |    10 ||    13
         Boomerang         |       |       |     1 ||     1
   Cast: Ensorcelled Hiber |     8 |    17 |    25 ||    50
         Beastly Appendage |       |    10 |     8 ||    18
         Confusing Touch   |       |     4 |     4 ||     8
         Tukima's Dance    |       |     6 |     6 ||    12
         Wereblood         |       |       |     3 ||     3
         Blink             |       |       |     2 ||     2
  Evoke: Wand              |       |    14 |     3 ||    17
    Use: Scroll            |     6 |     5 |     2 ||    13
         Potion            |       |     5 |     6 ||    11
   Stab: Sleeping          |     9 |     7 |    12 ||    28
         Invisible         |       |     2 |       ||     2
         Distracted        |       |       |     1 ||     1
         Confused          |       |       |     3 ||     3
 Armour: Robe              |    13 |    27 |    17 ||    57
  Dodge: Dodged            |    10 |    46 |    34 ||    90
  Block: Kite shield       |     2 |       |       ||     2

Table legend: (Time is in decaauts)
 A = Elapsed time spent in this place.
 B = Non-inter-level travel time spent in this place.
 C = Inter-level travel time spent in this place.
 D = Time resting spent in this place.
 E = Time spent auto-exploring this place.
 F = Levels seen in this place.
 G = Mean time per level.
                   A        B        C        D        E       F      G
               +--------+--------+--------+--------+--------+-----+--------+
         Total |   4931 |   4825 |    106 |    100 |   3862 |   6 |  821.8 |
       Dungeon |   4931 |   4825 |    106 |    100 |   3862 |   6 |  821.8 |
               +--------+--------+--------+--------+--------+-----+--------+

Top non-repeatable levels by time:
     D:5: 1515 daAuts
     D:4: 1337 daAuts
     D:2: 838 daAuts
     D:3: 794 daAuts
     D:1: 411 daAuts
     D:6: 33 daAuts
